 Dungeon Crawl Stone Soup version 0.20-a0-656-g9b0dcd9 (webtiles) character file.

67 Goblin1989 the Covered (level 4, 0/33 HPs)
             Began as a Barachian Wanderer on Feb 17, 2017.
             Succumbed to an adder's poison
             ... on level 3 of the Dungeon.
             The game lasted 00:05:45 (1344 turns).

Goblin1989 the Covered (Barachian Wanderer)         Turns: 1344, Time: 00:05:46

Health: 0/33       AC:  8    Str: 13    XL:     4   Next: 18%
Magic:  7/7        EV: 10    Int: 12    God:
Gold:   88         SH:  0    Dex:  8    Spells: 7/7 levels left

rFire    . . .     SeeInvis .   b - +0 hand crossbow
rCold    . . .     Gourm    .   d - +0 ring mail
rNeg     . . .     Faith    .   (no shield)
rPois    .         Spirit   .   (no helmet)
rElec    .         Reflect  .   (no cloak)
rCorr    .         Harm     .   (no gloves)
MR       .....     Clarity  +   (no boots)
Stlth    ..........             (no amulet)
Regen    0.2/turn               (no ring)
MPRegen  0.1/turn               m - -4 ring of dexterity (curse)

@: lethally poisoned (0 -> -3), exhausted, slowed, very slow
A: swims, yellow scales 1, clarity, slowness 1, strong legs 1
a: Hop


You were on level 3 of the Dungeon.
You were not hungry.

You visited 1 branch of the dungeon, and saw 3 of its levels.

You collected 88 gold pieces.

Inventory:

Hand Weapons
 a - a +0 mace of protection
 b - a +0 hand crossbow (weapon)
Missiles
 c - 24 bolts (quivered)
 k - 8 curare-tipped needles
Armour
 d - a +0 ring mail (worn)
Jewellery
 m - a cursed -4 ring of dexterity (left hand)
Potions
 i - a potion of magic
Comestibles
 e - 2 bread rations {@e1}
 f - 7 chunks of flesh
 h - a meat ration {@e2}
 l - a royal jelly


   Skills:
 - Level 1.8 Fighting
 + Level 2.8 Maces & Flails
 - Level 0.6 Crossbows
 - Level 1.0 Throwing
 - Level 5.4 Armour
 - Level 2.0 Spellcasting
   Level 1.0 Transmutations
   Level 1.0 Evocations


You had 7 spell levels left.
You didn't know any spells.

Dungeon Overview and Level Annotations

Branches:
Dungeon (3/15)

Altars:


Innate Abilities, Weirdness & Mutations

You can swim through water.
You cover ground slowly.
You can hop short distances.
You are partially covered in yellow scales. (AC +2)
You possess an exceptional clarity of mind.


Message History

The adder poisons you!
You take 5 damage, and have 26/33 hp.
Firing (i - inventory):
c - 33 bolts (quivered)
Press: ? - help, Shift-Dir - straight line, f/p - adder
Aim: an adder (almost dead)
You shoot a bolt. The bolt closely misses the adder.
You feel sick. The adder barely misses you. The adder bites you.
You take 3 damage, and have 23/33 hp.
Firing (i - inventory):
c - 32 bolts (quivered)
Press: ? - help, Shift-Dir - straight line, f/p - adder
Aim: an adder (severely wounded)
You shoot a bolt. The bolt closely misses the adder.
You feel sick. The adder closely misses you. The adder bites you.
You take 5 damage, and have 18/33 hp.
Firing (i - inventory):
c - 31 bolts (quivered)
Press: ? - help, Shift-Dir - straight line, f/p - adder
Aim: an adder (severely wounded)
You shoot a bolt. The bolt closely misses the adder.
You feel sick. The adder closely misses you. The adder bites you.
* * * LOW HITPOINT WARNING * * *
You take 4 damage, and have 14/33 hp.
Firing (i - inventory):
c - 30 bolts (quivered)
Press: ? - help, Shift-Dir - straight line, f/p - adder
Aim: an adder (severely wounded)
You shoot a bolt. The bolt hits the adder.
The adder is almost dead.
You feel sick. The adder bites you but does no damage.
The adder closely misses you.
You take 1 damage, and have 13/33 hp.
Firing (i - inventory):
c - 29 bolts (quivered)
Press: ? - help, Shift-Dir - straight line, f/p - adder
Aim: an adder (almost dead)
You shoot a bolt. The bolt closely misses the adder.
You feel sick. The adder bites you.
* * * LOW HITPOINT WARNING * * *
You are lethally poisoned!
The adder poisons you! The adder closely misses you.
You take 5 damage, and have 8/33 hp.
Firing (i - inventory):
c - 28 bolts (quivered)
Press: ? - help, Shift-Dir - straight line, f/p - adder
Aim: an adder (almost dead)
You shoot a bolt. The bolt closely misses the adder.
* * * LOW HITPOINT WARNING * * *
You feel sick. The adder misses you. The adder closely misses you.
You take 1 damage, and have 7/33 hp.
Firing (i - inventory):
c - 27 bolts (quivered)
Press: ? - help, Shift-Dir - straight line, f/p - adder
Aim: an adder (almost dead)
You shoot a bolt. The bolt misses the adder.
* * * LOW HITPOINT WARNING * * *
You feel sick. The adder misses you. The adder bites you.
* * * LOW HITPOINT WARNING * * *
You take 2 damage, and have 5/33 hp.
Firing (i - inventory):
c - 26 bolts (quivered)
Press: ? - help, Shift-Dir - straight line, f/p - adder
Aim: an adder (almost dead)
You shoot a bolt. The bolt hits the adder.
You kill the adder!
* * * LOW HITPOINT WARNING * * *
You feel sick.
You take 1 damage, and have 4/33 hp.
It was a potion of magic.
Magic courses through your body.
* * * LOW HITPOINT WARNING * * *
You feel sick.
You take 1 damage, and have 3/33 hp.
It was a potion of mutation.
You feel extremely strange.
Yellow scales grow over part of your body.
Your thoughts seem clearer.
* * * LOW HITPOINT WARNING * * *
You feel sick.
You take 1 damage, and have 2/33 hp.
It was a potion of berserk rage.
A red film seems to cover your vision as you go berserk!
You feel yourself moving faster!
You feel mighty!
You now have 3/49 hp.
You feel a strong urge to attack something.
* * * LOW HITPOINT WARNING * * *
You feel sick.
Some of the chunks of flesh in your inventory have rotted away.
You see here 3 bolts.
You take 1 damage, and have 2/49 hp.
You see here a bolt.
You feel your anger subside.
* * * LOW HITPOINT WARNING * * *
You feel sick.
A goblin comes into view.
You are no longer berserk.
You are exhausted.
You feel yourself slow down.
You now have 2/33 hp.
* * * LOW HITPOINT WARNING * * *
You feel sick.
You see here a bolt.
You take 1 damage, and have 1/33 hp.
Firing (i - inventory):
c - 25 bolts (quivered)
Press: ? - help, Shift-Dir - straight line, f - goblin
Aim: a goblin You shoot a bolt.
The bolt hits the goblin.
You kill the goblin!
You die...

█.. █.█ █.█ █.█ ██
█.█ █...███.███
██.█...<>..█
.....███.█.██████..█
███ █$..((..@.(...█
█.████.█.██████ █
█.█.█ █.█.█ █.█(█
█.█.█ █.█.█ █.█.█


There were no monsters in sight!

Vanquished Creatures
  2 adders
  An ooze (D:1)
  3 worms (D:2)
  A dart slug (D:1)
  A bat (D:2)
  4 giant cockroaches
  5 goblins
  4 hobgoblins
  3 jackals (D:1)
  2 quokkas
  3 frilled lizards
  2 kobolds (D:2)
  2 rats (D:2)
33 creatures vanquished.

Notes
Turn   | Place    | Note
-------+----------+-------------------------------------------
     0 | D:1      | Goblin1989 the Barachian Wanderer began the quest for the Orb.
     0 | D:1      | Goblin1989 set off with: a book of Minor Magic, a +0 hand crossbow, 28 bolts, a +0 ring mail, a bread ration {@e1}
     0 | D:1      | Reached XP level 1. HP: 13/13 MP: 3/3
    12 | D:1      | Reached skill level 1 in Fighting
   239 | D:1      | Reached XP level 2. HP: 15/22 MP: 5/5
   657 | D:2      | Reached skill level 1 in Maces & Flails
   768 | D:2      | Reached XP level 3. HP: 27/27 MP: 6/6
  1319 | D:3      | Reached XP level 4. HP: 33/33 MP: 7/7
  1337 | D:3      | Gained mutation: You are partially covered in yellow scales. (AC +2) [potion of mutation]
  1337 | D:3      | Gained mutation: You possess an exceptional clarity of mind. [potion of mutation]
  1339 | D:3      | HP: 2/49 [poisoned by an adder]
  1344 | D:3      | Succumbed to an adder's poison

Vault maps used:
D:1:      saegor_arrival_simple_b, serial_park_tiny_2
D:2:      first_bread

Skill      XL: |  1  2  3 |
---------------+----------+-----
Fighting       | 1 |  1.8
Maces & Flails | 1 2 |  2.8
Crossbows      | |  0.6
Throwing       | |  1.0
Armour         | |  5.4
Spellcasting   | |  2.0
Transmutations | |  1.0
Evocations     | |  1.0

Action                   |  1- 3 |  4- 6 || total
-------------------------+-------+-------++-------
 Fire: Hand crossbow     |   110 |    12 ||   122
  Use: Scroll            |     1 |       ||     1
       Potion            |       |     3 ||     3
  Eat: Chunk             |     2 |       ||     2
Armor: Ring mail         |    24 |     2 ||    26
Dodge: Dodged            |    20 |     8 ||    28

Vault maps used:
D:1:      saegor_arrival_simple_b, serial_park_tiny_2
D:2:      first_bread
